 Dungeon Crawl Stone Soup version 0.24-a0-479-g9a978d2894 (webtiles) character file.

Game seed: 8461711462215329005

361 Inquire the Skirmisher (level 6, -7/48 HPs)
             Began as a Mummy Gladiator on July 6, 2019.
             Killed by divine providence
             ... invoked by an orc priest
              (15 damage)
             ... on level 3 of the Dungeon.
             The game lasted 00:06:22 (3628 turns).

Inquire the Skirmisher (Mummy Gladiator)            Turns: 3628, Time: 00:06:22

Health: -7/48      AC:  6    Str: 19    XL:     6   Next: 38%
Magic:  6/6        EV: 13    Int: 11    God:
Gold:   319        SH:  0    Dex: 13    Spells: 5/5 levels left

rFire    x . .     SeeInvis .   j - +1 whip (elec)
rCold    + . .     Gourm    .   (no shield)
rNeg     + + +     Faith    .   b - +0 leather armour
rPois    ∞         Spirit   .   c - +2 helmet
rElec    .         Reflect  .   (no cloak)
rCorr    .         Harm     .   (no gloves)
MR       .....                  (no boots)
Stlth    +.........             (no amulet)
HPRegen  0.16/turn              f - ring of positive energy
MPRegen  0.10/turn              h - +3 ring of intelligence

@: no status effects
A: no food or potions, fire vulnerability, cold resistance 1, negative energy
resistance 3, torment resistance, unbreathing
a: no special abilities


You were on level 3 of the Dungeon.
You were not hungry.

You visited 1 branch of the dungeon, and saw 5 of its levels.

You collected 319 gold pieces.

Inventory:

Hand Weapons
 a - a +0 rapier
 j - a +1 whip of electrocution (weapon)
Missiles
 d - a throwing net (quivered)
Armour
 b - a +0 leather armour (worn)
 c - a +2 helmet (worn)
Jewellery
 f - a ring of positive energy (left hand)
 h - a +3 ring of intelligence (right hand)
 k - an uncursed ring of ice
Scrolls
 i - 2 scrolls of remove curse
 l - 3 scrolls of fog
 n - a scroll of identify


   Skills:
 + Level 3.8 Fighting
 - Level 2.7 Short Blades
 * Level 3.2 Maces & Flails
 - Level 1.5 Throwing
 + Level 1.7 Armour
 - Level 2.9 Dodging
 - Level 0.7 Stealth


You had 5 spell levels left.
You didn't know any spells.
Your spell library was empty.

Dungeon Overview and Level Annotations

Branches:
Dungeon (5/15)
 Temple: D:4-7

Altars:

Annotations:
D:1 WALLS
D:3 Grinder
D:4 Sigmund
D:5 Duvessa, Menkaure


Innate Abilities, Weirdness & Mutations

You do not eat or drink.
Your flesh is vulnerable to fire.
You are immune to poison.
Your flesh is cold resistant. (rC+)
You are immune to negative energy. (rN+++)
You are immune to unholy pain and torment.
You can survive without breathing.


Message History

There is a stone staircase leading up here.
Grinder barely misses you.
The orc priest miscasts a cantrip.
The orc priest mumbles some strange prayers to Beogh against you.
Beogh smites you!
* * * LOW HITPOINT WARNING * * *
The orc priest barely misses you.
The orc wizard hits you but does no damage.
Sigmund completely misses you.
You climb upwards.
There is a stone staircase leading down here.
Unknown command.
Unknown command.
Sorry, you're not good enough to have a special ability.
Unknown command.
Grinder hits you but does no damage. Grinder hits you but does no damage.
The orc priest invokes the aid of Beogh against you.
Beogh smites you!
You die...

##......##
##........##
#........<.#
#>.........#
#..........#
#.o........# ##
#.o........# #.
##.5......#########.
##.@................
#........####''#####
#...<...##........##
#......##..........#
#.....##............
#....##.............
##..##..............
##.#...%...........
#.#.........[%....


You could see Grinder, an orc priest and an orc wizard.

Vanquished Creatures
  Dowan (D:5)
  A centaur skeleton (D:4)
  4 worker ants
  9 adders
  An ooze (D:3)
  An adder zombie (D:5)
  A worm (D:3)
  5 dart slugs
  2 leopard geckos
  5 orcs
  A ball python (D:4)
  4 giant cockroaches
  8 goblins
  8 hobgoblins
  6 jackals
  7 kobolds
  4 quokkas
  4 bats
  4 frilled lizards
  A quokka skeleton (D:5)
  7 rats
84 creatures vanquished.

Notes
Turn   | Place    | Note
-------+----------+-------------------------------------------
     0 | D:1      | Inquire the Mummy Gladiator began the quest for the Orb.
     0 | D:1      | Reached XP level 1. HP: 16/16 MP: 1/1
     6 | D:1      | Noticed a lindwurm
     6 | D:1      | Noticed a wolf
     6 | D:1      | Noticed a crocodile
     7 | D:1      | Noticed a black bear
     7 | D:1      | Noticed a salamander
   169 | D:1      | Reached XP level 2. HP: 22/22 MP: 2/2
  1066 | D:2      | Reached XP level 3. HP: 28/28 MP: 3/3
  1176 | D:2      | Reached skill level 1 in Maces & Flails
  1256 | D:2      | Reached XP level 4. HP: 24/34 MP: 4/4
  2245 | D:4      | Reached XP level 5. HP: 41/41 MP: 5/5
  2277 | D:3      | Reached skill level 1 in Armour
  3196 | D:5      | Entered Level 5 of the Dungeon
  3196 | D:5      | Noticed Menkaure
  3400 | D:5      | Reached XP level 6. HP: 40/48 MP: 6/6
  3466 | D:5      | Noticed Dowan
  3484 | D:5      | Killed Dowan
  3485 | D:5      | Noticed Duvessa
  3607 | D:5      | Noticed Grinder
  3608 | D:5      | Noticed Sigmund
  3628 | D:3      | Killed from afar by an orc priest

Levels and vault maps discovered:
D:1:      onia_arrival_zoo_common, layout_loops_ring, serial_forest,
          infiniplex_forest_clump_tiny, infiniplex_forest_clump_diagonal,
          infiniplex_forest_pool, infiniplex_forest_end_2,
          infiniplex_forest_lined_3_way, infiniplex_forest_lined_room_2,
          due_unseen_surprise
D:2:      layout_rooms
D:3:      layout_rooms, serial_forest, infiniplex_forest_clump_medium,
          infiniplex_forest_clump_large, infiniplex_forest_lined_3_way,
          infiniplex_forest_clump_tiny, infiniplex_forest_zigzag_1,
          infiniplex_forest_clump_diagonal, infiniplex_forest_end_1,
          first_ration, kennysheep_cross_room
D:4:      layout_basic, chequers_temple_overflow_minitemple, solitary_fountain
D:5:      layout_rooms, makhleb_blood_cavern_becter, temple_green,
          corexii_hall_statues_u, tso_metal_star, uniq_sigmund, uniq_duvessa,
          uniq_grinder, uniq_prince_ribbit1, uniq_menkaure, uniq_ijyb

Skill      XL: |  1  2  3  4  5  6 |
---------------+-------------------+-----
Maces & Flails | 1 2 3 |  3.2
Fighting       | 3 |  3.8
Armour         | 1 |  1.7
Short Blades   | |  2.7
Throwing       | |  1.5
Dodging        | |  2.9
Stealth        | |  0.7

Action                   |  1- 3 |  4- 6 || total
-------------------------+-------+-------++-------
Melee: Rapier            |    46 |       ||    46
       Whip              |    53 |   176 ||   229
Throw: Throwing net      |     1 |     2 ||     3
  Use: Scroll            |     8 |     6 ||    14
 Stab: Distracted        |     1 |       ||     1
       Sleeping          |       |     2 ||     2
Armor: Leather armour    |    46 |    50 ||    96
Dodge: Dodged            |    72 |   109 ||   181

Table legend:
 A = Non-vault XP
 B = Vault XP
 C = Vault XP percentage of total XP
 D = Non-vault monster count
 E = Vault monster count
 F = Vault count percentage of total count
                 A         B        C        D         E       F
            +---------+---------+-------+---------+---------+-------
      Total |     444 |      73 |  14.1 |      83 |       1 |   1.2
            +---------+---------+-------+---------+---------+-------
        D:1 |      18 |       0 |   0.0 |      11 |       0 |   0.0
        D:2 |      92 |       0 |   0.0 |      29 |       0 |   0.0
        D:3 |     109 |       0 |   0.0 |      24 |       0 |   0.0
        D:4 |     132 |       0 |   0.0 |       8 |       0 |   0.0
        D:5 |      93 |      73 |  44.0 |      11 |       1 |   8.3
            +---------+---------+-------+---------+---------+-------
